 Dungeon Crawl Stone Soup version 0.30.1-11-g7821555f0a (webtiles) character file.

Game seed: 17456091135673715959

35498 Ardargoz the Severer (level 13, 0/195 HPs)
             Began as a Hill Orc Berserker on Dec 19, 2023.
             Was a High Priest of Trog.
             Succumbed to Sonja's poison
             ... on level 4 of the Lair of Beasts on Dec 20, 2023.
             The game lasted 03:00:35 (13954 turns).

Ardargoz the Severer (Hill Orc Berserker)          Turns: 13954, Time: 03:00:36

Health: 0/195      AC: 22    Str: 25    XL:     13   Next: 84%
Magic:  13/13      EV: 10    Int:  4    God:    Trog [*****.]
Gold:   796        SH:  0    Dex: 16    Spells: 12/12 levels left

rFire   . . .        X - +10 battleaxe of the Beast {flame, Contam rN++ Will++}
rCold   + + .        (shield currently unavailable)
rNeg    + + .        Q - +1 chain mail "Liadghoud" {Fly rC++ Int-3}
rPois   .            t - +1 helmet {SInv}
rElec   .            n - +1 cloak
rCorr   .            i - +0 pair of gloves
SInv    +            q - +1 pair of boots
Will    +++..        R - amulet of regeneration Stlth
                     u - ring of willpower
HPRegen 1.32/turn    W - +6 ring of dexterity
MPRegen 0.13/turn

%: no passive effects
@: berserking, lethally poisoned (0 -> -18), flying, slowed
A: no striking features
a: Renounce Religion, Berserk, Trog's Hand, Brothers in Arms


You were on level 4 of the Lair of Beasts.
You worshipped Trog.
Trog was extremely pleased with you.
You visited 3 branches of the dungeon, and saw 18 of its levels.

You collected 796 gold pieces.

Inventory:

Hand Weapons
 m - a +2 heavy dire flail
 w - the +6 war axe of Articulation {heavy, rElec Dex+3}
   (You found it on level 3 of the Dungeon)

   Dex:       It affects your dexterity (+3).
   rElec:     It insulates you from electricity.
 X - the +10 battleaxe of the Beast (weapon) {flame, Contam rN++ Will++}
   (Trog gifted it to you on level 11 of the Dungeon)

   rN:        It greatly protects you from negative energy.
   Contam:    It causes magical contamination when unequipped.
   Will:      It greatly increases your willpower.
Missiles
 g - 80 stones (quivered)
 o - 11 javelins
 y - 52 poisoned darts
Armour
 i - a +0 pair of gloves (worn)
 n - a +1 cloak (worn)
 q - a +1 pair of boots (worn)
 t - a +1 helmet of see invisible (worn)
 Q - the +1 chain mail "Liadghoud" (worn) {Fly rC++ Int-3}
   (You took it off a gnoll on level 5 of the Dungeon)

   Int:       It affects your intelligence (-3).
   rC:        It greatly protects you from cold.
   Fly:       It grants you flight.
 U - a +1 scale mail of poison resistance
Jewellery
 u - a ring of willpower (left hand)
 R - an amulet of regeneration (around neck)
 W - a +6 ring of dexterity (right hand)
 Z - an amulet of reflection
Wands
 b - a wand of charming (3)
 f - a wand of light (9)
 C - a wand of roots (12)
 M - a wand of polymorph (9)
 N - a wand of flame (7)
 T - a wand of mindburst (12)
Scrolls
 j - a scroll of silence {unknown}
 k - 2 scrolls of torment {unknown}
 l - a scroll of poison {unknown}
 r - 2 scrolls of blinking
 s - 7 scrolls of teleportation
 x - 4 scrolls of fear
 z - 4 scrolls of summoning
 D - 3 scrolls of magic mapping
 F - a scroll of identify
 G - a scroll of immolation {unknown}
 K - 3 scrolls of fog
 L - 2 scrolls of enchant weapon
 P - 2 scrolls of enchant armour
Potions
 c - 3 potions of cancellation
 d - 3 potions of lignification
 p - a potion of flight
 v - a potion of curing
 A - 2 potions of resistance
 B - a potion of might
 H - 5 potions of mutation
 I - 3 potions of attraction
 J - 2 potions of haste
 S - a potion of ambrosia
 V - 2 potions of berserk rage
Miscellaneous
 a - a phial of floods
 h - a condenser vane


   Skills:
 * Level 16.9 Fighting
 - Level 20.0 Axes
 - Level 2.1 Throwing
 + Level 11.2 Armour
 - Level 2.0 Dodging


You had 12 spell levels left.
You didn't know any spells.
Your spell library contained the following spells:

 Spells                   Type           Power      Damage    Failure   Level
 Beastly Appendage        Tmut           0%         N/A       91%         1
 Kiss of Death            Conj/Necr      0%         2d5       91%         1
 Necrotise                Necr           0%         1d4       91%         1
 Summon Small Mammal      Summ           0%         N/A       91%         1
 Ensorcelled Hibernation  Hex/Ice        0%         N/A       97%         2
 Passwall                 Tmut/Erth      0%         N/A       97%         2
 Scorch                   Fire           0%         2d5       97%         2
 Sublimation of Blood     Necr           0%         N/A       97%         2
 Wereblood                Tmut           0%         N/A       97%         2
 Call Canine Familiar     Summ           0%         N/A       100%        3
 Confusing Touch          Hex            0%         N/A       100%        3
 Spider Form              Tmut/Pois      0%         N/A       100%        3
 Summon Guardian Golem    Hex/Summ       0%         N/A       100%        3
 Swiftness                Air            0%         N/A       100%        3
 Vampiric Draining        Necr           0%         2d6       100%        3
 Dispel Undead            Necr           0%         3d6       100%        4
 Flame Wave               Conj/Fire      0%         2d4       100%        4
 Petrify                  Tmut/Erth      0%         N/A       100%        4
 Agony                    Necr           0%         N/A       100%        5
 Irradiate                Conj/Tmut      0%         3d11      100%        5
 Summon Cactus Giant      Summ           0%         N/A       100%        6


Dungeon Overview and Level Annotations

Branches:
Dungeon (13/15)            Temple (1/1) D:7            Lair (4/5) D:9
 Shoals (0/4) Lair:3        Snake (0/4) Lair:3        Slime (0/5) Lair:4
    Orc (0/2) D:12
 Vaults: D:13-14

Altars:
Ashenzari
Cheibriados
Dithmenos
Elyvilon
Fedhas
Gozag
Hepliaklqana
Kikubaaqudgha
Makhleb
Nemelex Xobeh
Okawaru
Qazlal
Ru
Sif Muna
Trog
Uskayaw
Vehumet
Wu Jian
Xom
Yredelemnul
Zin
The Shining One

Shops:
D:4 [:   D:9 *   D:11 (!(

Annotations:
Lair:4 Sonja


Message History

The komodo dragon bites you but does no damage.
You feel much better. The water moccasin closely misses you.
The komodo dragon barely misses you.
The water moccasin bites you but does no damage.
Sonja hits you with a +2 dagger of venom.
* * * LOW HITPOINT WARNING * * *
Sonja closely misses you. Sonja hits you but does no damage.
A red film seems to cover your vision as you go berserk!
You feel yourself moving faster!
You feel mighty!
The water moccasin bites you but does no damage.
Sonja mumbles some strange words.
Sonja blinks!
The komodo dragon bites you!
* * * LOW HITPOINT WARNING * * *
The water moccasin bites you.
* * * LOW HITPOINT WARNING * * *
You are poisoned.
The water moccasin poisons you! The komodo dragon bites you!!
* * * LOW HITPOINT WARNING * * *
You slash the komodo dragon! You burn the komodo dragon!
The komodo dragon is almost dead.
You slash the water moccasin! You burn the water moccasin.
You feel very sick. The water moccasin misses you. The komodo dragon bites you!
* * * LOW HITPOINT WARNING * * *
You hit the komodo dragon. You burn the komodo dragon.
You kill the komodo dragon!
Trog accepts your kill.
You slice the water moccasin!! You burn the water moccasin.
You kill the water moccasin!
Trog accepts your kill.
You feel sick.
Sonja shouts, "Hah!
Missed me again!"
You closely miss Sonja.
You feel sick. Sonja hits you but does no damage.
You are lethally poisoned!
Sonja hits you but does no damage.
You are more poisoned.
Sonja hits you but does no damage.
You are more poisoned.
You barely miss Sonja.
You die...

>,,,,,,⌠,,,..,>,⌠**,,,,,,*,,,,,*,
,,,*,,,,,,,#....,**,,,,,,,,,,,***
⌠,**,****,,,#.⌠.##,,,,,,,,,,,,**,
,****,,,,,####.#.#*,,,,.##....##*
,,,,**,,,*#......####*,*.......#,
,,,,*,,,,,*#.....#..#####......#*
,,,*,*,,,#.#.............[.^...##
,,,*,*,,,#.....(.(†..............
,,,*,,,⌠,......†@K...........^...
,,,,,*,,,#......(................
,,,*,,,,,#.##....P...............
,,,**,,,,,*#....P.....####.....##
,,,,**,*,*,##.........#* #.....##
,,,,,*,,,,*#P..........###.......
,,,,,**,,,......##......#......#.
,,,,,**,,,..#...*#.......##......
,,,,***,,,,.....*##.....###..<..#


You could see Sonja.

Vanquished Creatures
  Gastronok (D:10)
  A dire elephant (Lair:1)
  A hydra (Lair:2)
  A catoblepas (Lair:1)
  A boulder beetle (Lair:1)
  4 death yaks (Lair:3)
  A centaur warrior (D:11)
  2 two-headed ogres
  An ugly thing (D:12)
  A cyclops (D:11)
  A manticore (D:10)
  5 elephants (Lair:2)
  3 black mambas
  An unseen horror (D:11)
  4 cane toads
  4 komodo dragons
  A kobold demonologist (D:11)
  2 rime drakes (Lair:1)
  A troll (D:10)
  A polar bear (Lair:3)
  13 blink frogs
  Prince Ribbit (D:5)
  A hornet (D:9)
  6 dream sheep (Lair:4)
  43 yaks
  3 wyverns
  A vampire (D:11)
  A shadow (D:11)
  4 basilisks
  A steam dragon (D:8)
  4 swamp worms (Lair:1)
  3 vampire mosquitoes (D:10)
  2 acid dragons
  14 water moccasins
  Duvessa (D:5)
  2 black bears
  5 orc warriors
  2 sky beasts (D:7)
  12 centaurs
  17 wolves
  A phantom (D:4)
  3 kobold brigands
  15 bullfrogs
  4 scorpions
  Dowan (D:5)
  6 wights (D:7)
  7 killer bees (D:9)
  An electric eel (D:8)
  2 howler monkeys (D:10)
  3 hounds
  A jelly (D:3)
  A gnoll bouda (D:5)
  8 orc priests
  Terence (D:3)
  5 iguanas
  Ijyb (D:5)
  8 orc wizards
  9 adders
  8 gnolls
  2 shadow imps (D:7)
  4 white imps
  An ufetubus (D:6)
  2 worms
  2 dart slugs (D:2)
  45 orcs
  4 endoplasms
  A giant cockroach (D:2)
  7 goblins
  5 hobgoblins
  5 quokkas
  12 ball pythons
  3 bats (D:1)
  A frilled lizard (D:2)
  20 kobolds
  3 rats
375 creatures vanquished.

Notes
Turn   | Place    | Note
-------+----------+-------------------------------------------
     0 | D:1      | Ardargoz the Hill Orc Berserker began the quest for the
                  | Orb.
     0 | D:1      | Reached XP level 1. HP: 19/19 MP: 1/1
   163 | D:1      | Reached XP level 2. HP: 21/27 MP: 2/2
   740 | D:2      | Reached ** piety under Trog
   763 | D:2      | Reached XP level 3. HP: 27/33 MP: 3/3
  1103 | D:2      | Reached skill level 5 in Axes
  1766 | D:3      | Identified the +6 war axe of Articulation {heavy, rElec
                  | Dex+3}
  1889 | D:3      | Noticed Terence
  1897 | D:3      | Killed Terence
  1898 | D:3      | Reached XP level 4. HP: 11/40 MP: 4/4
  1899 | D:3      | Reached skill level 6 in Axes
  2322 | D:3      | Found a radiant altar of Vehumet.
  2394 | D:4      | Found Boasur's Book Emporium.
  2416 | D:4      | Reached XP level 5. HP: 46/46 MP: 5/5
  2491 | D:4      | Reached skill level 7 in Axes
  2603 | D:4      | Found Qysimita's Antique Armour Shoppe.
  2668 | D:4      | Noticed a phantom
  2735 | D:3      | Reached skill level 8 in Axes
  2818 | D:4      | Reached XP level 6. HP: 52/52 MP: 6/6
  3051 | D:4      | Reached *** piety under Trog
  3203 | D:4      | Reached skill level 9 in Axes
  3423 | D:4      | Reached XP level 7. HP: 55/59 MP: 7/7
  3491 | D:5      | Entered Level 5 of the Dungeon
  3491 | D:5      | Noticed Ijyb
  3499 | D:5      | Killed Ijyb
  3505 | D:5      | Reached skill level 10 in Axes
  3512 | D:5      | Noticed Duvessa
  3512 | D:5      | Noticed Dowan
  3527 | D:5      | Killed Duvessa
  3531 | D:5      | Noticed Prince Ribbit
  3532 | D:5      | Killed Dowan
  3533 | D:5      | Reached skill level 11 in Axes
  3642 | D:5      | Identified the +1 chain mail "Liadghoud" {Fly rC++ Int-3}
  3739 | D:5      | Killed Prince Ribbit
  3740 | D:5      | Reached skill level 12 in Axes
  3740 | D:5      | Reached XP level 8. HP: 66/66 MP: 8/8
  4770 | D:6      | Reached skill level 13 in Axes
  4776 | D:6      | Found a blossoming altar of Fedhas.
  5066 | D:6      | Identified the +0 whip "Niemof" {flame, rF+ rN+}
  5483 | D:7      | Reached **** piety under Trog
  5620 | D:7      | Found a white marble altar of Elyvilon.
  5698 | D:7      | Found a shimmering blue altar of Sif Muna.
  5834 | D:7      | Reached skill level 14 in Axes
  5997 | D:7      | Reached XP level 9. HP: 71/71 MP: 9/9
  6158 | D:7      | Found a staircase to the Ecumenical Temple.
  6175 | Temple   | Entered the Ecumenical Temple
  6300 | D:7      | Noticed a two-headed ogre
  6313 | D:7      | Killed a two-headed ogre
  6314 | D:7      | Reached skill level 5 in Fighting
  6314 | D:7      | Reached skill level 15 in Axes
  6314 | D:7      | Reached skill level 5 in Armour
  6940 | D:8      | Found an ancient bone altar of Kikubaaqudgha.
  7067 | D:8      | Reached XP level 10. HP: 83/83 MP: 10/10
  7556 | D:9      | Reached skill level 16 in Axes
  7588 | D:9      | Noticed a two-headed ogre
  7597 | D:9      | Killed a two-headed ogre
  7696 | D:9      | Found Qiyrett's Assorted Antiques.
  7715 | D:9      | Found an opulent altar of Gozag.
  7987 | D:9      | Reached ***** piety under Trog
  8102 | D:9      | Found a sparkling altar of Nemelex Xobeh.
  8102 | D:9      | Found a transporter.
  8384 | D:9      | Found a staircase to the Lair.
  8442 | D:9      | Found an iron altar of Okawaru.
  8655 | D:10     | Entered Level 10 of the Dungeon
  8673 | D:10     | Reached skill level 10 in Fighting
  8677 | D:10     | Reached XP level 11. HP: 91/101 MP: 11/11
  8691 | D:10     | Noticed a manticore
  8794 | D:11     | Found Kuip Cipp's Distillery.
  8942 | D:11     | Found Luaziym's Weapon Shop.
  9112 | D:11     | Noticed a cyclops
  9180 | D:11     | Killed a cyclops
  9317 | D:11     | Reached skill level 1 in Throwing
  9417 | D:11     | Noticed a centaur warrior
  9422 | D:11     | Killed a centaur warrior
  9424 | D:11     | Identified the +10 battleaxe of the Beast {flame, Contam
                  | rN++ Will++} (Trog gifted it to you on level 11 of the
                  | Dungeon)
  9424 | D:11     | Received a gift from Trog
  9533 | D:11     | You are sucked into a shaft and drop 2 floors!
  9562 | D:12     | Noticed a red ugly thing
  9572 | D:12     | Killed a red ugly thing
  9729 | D:12     | Found a staircase to the Orcish Mines.
  9846 | D:10     | Noticed Gastronok
  9882 | D:11     | Found Jeosazex's Antique Weapon Boutique.
 10110 | D:10     | Killed a manticore
 10178 | D:10     | Found a shadowy altar of Dithmenos.
 10236 | D:10     | Reached skill level 17 in Axes
 10474 | D:10     | Found an ornate altar of the Wu Jian Council.
 10499 | D:10     | Killed Gastronok
 10737 | Lair:1   | Entered Level 1 of the Lair of Beasts
 10737 | Lair:1   | Found a snail-covered altar of Cheibriados.
 10805 | Lair:1   | Reached XP level 12. HP: 112/112 MP: 12/12
 10824 | Lair:1   | Reached skill level 18 in Axes
 11076 | Lair:1   | Noticed a boulder beetle
 11085 | Lair:1   | Killed a boulder beetle
 11369 | Lair:1   | Reached skill level 19 in Axes
 11472 | Lair:1   | Noticed a catoblepas
 11472 | Lair:1   | Noticed a dire elephant
 11506 | Lair:1   | Found a runed translucent door.
 11565 | Lair:1   | Killed a catoblepas
 11604 | Lair:1   | Killed a dire elephant
 12125 | Lair:2   | Noticed an eight-headed hydra
 12134 | Lair:2   | Killed a six-headed hydra
 12137 | Lair:2   | Reached skill level 20 in Axes
 12178 | Lair:2   | Reached XP level 13. HP: 113/124 MP: 13/13
 12407 | Lair:2   | Reached skill level 15 in Fighting
 12506 | Lair:2   | Reached skill level 10 in Armour
 12999 | Lair:3   | Found a staircase to the Snake Pit.
 12999 | Lair:3   | Found a staircase to the Shoals.
 13925 | Lair:4   | Noticed Sonja
 13936 | Lair:4   | Received a gift from Trog
 13942 | Lair:4   | HP: 5/130 [water moccasin (6)]
 13942 | Lair:4   | HP: 1/130 [Sonja/+2 dagger of venom (4)]
 13947 | Lair:4   | HP: 5/130 [water moccasin (4)]
 13952 | Lair:4   | HP: 6/195 [poisoned by a water moccasin]
 13954 | Lair:4   | Succumbed to Sonja's poison

Illustrated notes

Levels and vault maps discovered:
D:1:      matt_arrival_spirals, layout_rooms, chequers_serial_rivers_micro_d,
          minivault_14
D:2:      layout_basic, serial_rivers, chequers_serial_rivers_small_b,
          chequers_serial_rivers_micro_c, chequers_serial_rivers_micro_a,
          chequers_serial_rivers_micro_c, kennysheep_nondescript
D:3:      layout_rooms, nicolae_vehumet_radiance, serial_rivers,
          chequers_serial_rivers_micro_a, chequers_serial_rivers_micro_b,
          chequers_serial_rivers_small_b, chequers_serial_rivers_room_b,
          uniq_terence
D:4:      layout_basic, serial_shops, nicolae_shop_dealshenge,
          nicolae_shop_temple_entry_statues_fountains, minmay_snake_closets
D:5:      layout_layer_cave, uniq_ijyb, uniq_duvessa, uniq_prince_ribbit1
D:6:      cheibrodos_helix_gallery, layout_basic, fedhas_altar_1,
          grunt_ministairs_11
D:7:      minmay_octagon_keep, layout_basic, mainiacjoe_overflow_catwalk_spiral,
          minmay_temple_entry_offerings
D:8:      layout_basic, kiku_gazebo_garden_becter, minivault_25,
          amcnicky_mini_pool_medium
D:9:      layout_irregular_city, nicolae_gozag_seed_capital, marbit_many_paths,
          grunt_nemelex_the_gamble, lair_entry_dummy, serial_shops,
          nicolae_lakefront_shop, nicolae_figureground_sparkle
D:10:     layout_cave_pools, grunt_dithmenos_smoke_and_mirrors,
          mainiacjoe_overflow_surrounded_room, uniq_gastronok
D:11:     layout_roguey, serial_shops, shop, shop, shop
D:12:     layout_rooms, david_orc_2, minmay_misc_feat_room
D:13:     layout_basic, biasface_ghost_orc_armoury
Temple:   nicolae_temple_ecumenical_triangle
Lair:1:   gammafunk_lair_enchanted_lake, layout_small_grid, basic_altar,
          worms_lemuel, serial_bayou_shore_b
Lair:2:   layout_regular_city
Lair:3:   layout_chaotic_city, minmay_shoals_entry_centaurs, dummy_snake_entry,
          st_stairs_8, minmay_lindwurm_lava
Lair:4:   layout_regular_city, slime_entry_1,
          portal_ice_cave_entry_ice_simulacra, lemuel_fruit_tree,
          serial_bayou_shore_b, grunt_megastairs_1, uniq_sonja

Skill      XL: |  1  2  3  4  5  6  7  8  9 10 11 12 13 |
---------------+----------------------------------------+-----
Fighting       | 4 6 10 12 14 16 | 16.9
Dodging        | 2 |  2.0
Axes           | 5 6 8 9 12 14 15 16 17 20 | 20.0
Armour         | 3 5 8 9 11 | 11.2
Throwing       | 2 |  2.1

Action                     |  1- 3 |  4- 6 |  7- 9 | 10-12 | 13-15 || total
---------------------------+-------+-------+-------+-------+-------++-------
  Melee: Hand axe          |    88 |       |       |       |       ||    88
         Punch             |     1 |     2 |     1 |       |       ||     4
         War axe           |    19 |    78 |   213 |   138 |       ||   448
         Battleaxe         |       |       |       |   187 |   161 ||   348
  Throw: Stone             |       |       |    16 |     5 |    12 ||    33
 Invoke: Berserk           |       |       |     3 |     9 |     1 ||    13
         Trog's Hand       |       |       |     2 |     2 |       ||     4
    Use: Scroll            |       |       |     5 |     7 |    11 ||    23
         Potion            |       |       |     2 |     2 |     8 ||    12
 Armour: Animal skin       |    25 |       |       |       |       ||    25
         Leather armour    |     8 |       |       |       |       ||     8
         Scale mail        |       |    42 |     7 |       |       ||    49
         Chain mail        |       |       |    80 |   136 |   105 ||   321
  Dodge: Dodged            |    57 |    56 |    84 |   130 |    73 ||   400
